 Dungeon Crawl Stone Soup version 0.31.0-12-g77e489cdc1 (webtiles) character file.

Game seed: 13087498547332176572

64931 raetorn the Grappler (level 14, -4/123 HPs)
             Began as a Troll Shapeshifter on Feb 13, 2024.
             Was the Champion of Hepliaklqana.
             Slain by a fire giant simulacrum (9 damage)
             ... on level 12 of the Dungeon on Feb 14, 2024.
             The game lasted 00:35:54 (14864 turns).

raetorn the Grappler (Troll Shapeshifter)          Turns: 14864, Time: 00:35:54

Health: -4/123     AC:  9    Str: 35    XL:     14   Next: 73%
Magic:  14/19      EV: 12    Int:  4    God:    Hepliaklqana [******]
Gold:   2560       SH:  5    Dex:  9    Spells: 13/13 levels left

rFire   . .          .
                       - Unarmed
rCold   + . .        (shield currently unavailable)
rNeg    . . .        I - +3 troll leather armour
rPois   +            B - +2 hat
rElec   .            m - +0 cloak
rCorr   .            (gloves unavailable)
SInv    .            (boots unavailable)
Will    ++++.        q - amulet of reflection
Stlth   +            E - ring "Gisaal" {+Blink Str+6 Int+3}
HPRegen 2.00/turn    Q - ring of Ymmus {+Blink rPois rC+ Will+++ Int-5}
MPRegen 0.16/turn

%: reflection
@: blade hands, on berserk cooldown, slowed, very slow
A: reduced essence, large, unfitting armour, (claws 3), regeneration 1, shaggy
fur 1, tough skin 1
a: Begin Untransformation, Renounce Religion, Evoke Blink, Recall Ancestor,
Ancestor Identity, Transference, Idealise


You were on level 12 of the Dungeon.
You worshipped Hepliaklqana.
Hepliaklqana was exalted by your worship.
You had blades for hands.
You visited 3 branches of the dungeon, and saw 19 of its levels.
You also visited: Bailey.

You collected 2560 gold pieces.

Inventory:

Armour
 m - a +0 cloak (worn)
 B - a +2 hat (worn)
 D - +0 acid dragon scales
 H - a +2 robe of willpower
 I - a +3 troll leather armour (worn)
 O - a scarf of resistance
Jewellery
 q - an amulet of reflection (around neck)
 E - the ring "Gisaal" (left blade hand) {+Blink Str+6 Int+3}
   (You acquired it in a bailey)

   [ring of strength]

   Str+6:     It affects your strength (+6).
   Int+3:     It affects your intelligence (+3).
   +Blink:    It lets you blink.
 Q - the ring of Ymmus (right blade hand) {+Blink rPois rC+ Will+++ Int-5}
   (You found it on level 5 of the Lair of Beasts)

   [ring of poison resistance]

   Int-5:     It affects your intelligence (-5).
   rC+:       It protects you from cold.
   rPois:     It protects you from poison Will+++: It greatly increases your
   willpower.
   +Blink:    It lets you blink.
Talismans
 c - a beast talisman
 d - a flux talisman
 N - a blade talisman (active)
Wands
 s - a wand of acid (4)
 w - a wand of mindburst (31)
 A - a wand of flame (10)
 M - a wand of iceblast (11)
Scrolls
 a - a scroll of amnesia {unknown}
 g - 2 scrolls of noise
 i - a scroll of brand weapon
 l - 6 scrolls of poison
 r - 3 scrolls of revelation
 u - 4 scrolls of enchant weapon
 x - 2 scrolls of enchant armour
 y - 2 scrolls of fear
 F - 2 scrolls of fog
 J - 2 scrolls of vulnerability
 P - 6 scrolls of identify
Potions
 b - 3 potions of lignification
 f - 11 potions of curing
 h - a potion of heal wounds
 j - 3 potions of enlightenment {unknown}
 k - 2 potions of attraction
 n - 3 potions of cancellation {unknown}
 o - 3 potions of mutation {unknown}
 t - 3 potions of degeneration
 v - a potion of ambrosia {unknown}
 z - 2 potions of magic {unknown}
 C - a potion of invisibility {unknown}
 G - a potion of experience {unknown}
 K - 3 potions of haste {unknown}
 L - 2 potions of might {unknown}


   Skills:
 + Level 8.9 Fighting
 + Level 5.4 Armour
 + Level 8.9 Dodging
 + Level 14.0 Unarmed Combat
 + Level 8.0 Invocations
 + Level 4.8 Evocations
 + Level 11.8 Shapeshifting


You had 13 spell levels left.
You didn't know any spells.
Your spell library contained the following spells:

 Spells                   Type           Power      Damage    Failure   Level
 Kiss of Death            Conj/Necr      0%         2d5       52%         1
 Necrotise                Necr           0%         1d4       52%         1
 Summon Small Mammal      Summ           0%         N/A       52%         1
 Blink                    Tloc           0%         N/A       67%         2
 Ensorcelled Hibernation  Hex/Ice        0%         N/A       67%         2
 Lesser Beckoning         Tloc           0%         N/A       67%         2
 Momentum Strike          Conj/Tloc      0%         3d8       67%         2
 Call Canine Familiar     Summ           0%         N/A       88%         3
 Confusing Touch          Hex            0%         N/A       88%         3
 Fugue of the Fallen      Necr           0%         N/A       88%         3
 Hailstorm                Conj/Ice       0%         3d5       88%         3
 Summon Ice Beast         Ice/Summ       0%         N/A       88%         3
 Tukima's Dance           Hex            0%         N/A       88%         3
 Vampiric Draining        Necr           0%         2d6       88%         3
 Anguish                  Hex/Necr       0%         N/A       99%         4
 Dispel Undead            Necr           0%         3d6       99%         4
 Martyr's Knell           Necr/Summ      0%         N/A       99%         4
 Passage of Golubria      Tloc           0%         N/A       99%         4
 Summon Blazeheart Golem  Fire/Summ      0%         N/A       99%         4
 Curse of Agony           Necr           0%         N/A       100%        5
 Yara's Violent Unravell  Hex/Alch       0%         3d3       100%        5
 Sculpt Simulacrum        Ice/Alch       0%         N/A       100%        6
 Chain Lightning          Conj/Air       0%         N/A       100%        9
 Fire Storm               Conj/Fire      0%         5d1       100%        9
 Shatter                  Erth           0%         3d5*      100%        9


Dungeon Overview and Level Annotations

Branches:
Dungeon (12/15)            Temple (0/1) D:7            Lair (5/5) D:11
 Shoals (0/4) Lair:2       Spider (0/4) Lair:3        Slime (0/5) Lair:5
    Orc (2/2) D:11            Elf (0/3) Orc:2        Bailey (visited)

Altars:
Ashenzari
Cheibriados
Dithmenos
Hepliaklqana
Nemelex Xobeh
Qazlal
Ru
Trog
Uskayaw
Vehumet

Shops:
D:4 [   D:9 (   D:10 *   Orc:1 (   Orc:2 *[:(

Annotations:
D:10 4 transporters
Lair:3 2 transporters, AlterAsc's ghost, adept TeGl


Innate Abilities, Weirdness & Mutations

You have blades for hands.
You are incapable of wielding weapons or throwing items.
Your life essence is reduced to manifest your ancestor. (-10% HP)
You are too large for most types of armour.
((You have claws for hands.))
Your natural rate of healing is unusually fast.
You are covered in fur. (AC +1)
You have tough skin. (AC +1)


Message History

* * * LOW HITPOINT WARNING * * *
The fire giant burns you.
* * * LOW HITPOINT WARNING * * *
You completely miss the fire giant.
The fire giant is moderately wounded.
You shred the fire giant!!!
The fire giant is almost dead.
The fire giant points at you and mumbles some strange words.
The fireball explodes!
The fireball engulfs you!!
* * * LOW HITPOINT WARNING * * *
The fireball engulfs the fire giant.
The fire giant completely resists.
You hear a shout!
You slice the fire giant!!
You kill the fire giant!
A freezing mist starts to gather...
A fire giant simulacrum comes into view.
Your Invocations skill increases to level 8!
You swing at nothing.
You swing at nothing.
You feel a strong urge to attack something.
You shred the ettin simulacrum!!!
The ettin simulacrum vaporises!
You swing at nothing.
You swing at nothing.
You feel a strong urge to attack something.
You swing at nothing.
You slice the fire giant simulacrum!!
The fire giant simulacrum is severely damaged.
You are no longer berserk.
You are exhausted.
You feel yourself slow down.
You slash the fire giant simulacrum!
The fire giant simulacrum is almost destroyed.
You block the fire giant simulacrum's attack.
You hit the fire giant simulacrum but do no damage.
The fire giant simulacrum is almost destroyed.
The fire giant simulacrum hits you!!
* * * LOW HITPOINT WARNING * * *
The fire giant simulacrum freezes you! You resist.
You die...

.... ....... ...#.
.............#
#.....##.............
#.....#.............#
.....>...#........##
#............###.##.
#.........##.....#
#....##..##$##.###
##....)...#@##.....
#.........#Z#......
##.<........)......
#.........#.#......
........###.#.##.....
##..##..##
#.##.##.### #.# #...
...##.....# #..
##....T...###.##. ##
#####.........##


You could see a troll and a fire giant simulacrum.

Vanquished Creatures
  Gastronok (D:9)
  Kirke (Lair:5)
  A fire giant (D:12)
  An orc warlord (Orc:2)
  An ettin (D:12)
  A hydra (Lair:5)
  2 catoblepae
  3 death yaks (D:11)
  2 boulder beetles
  2 two-headed ogres (D:11)
  3 orc high priests (Orc:2)
  Sonja (Lair:3)
  A skyshark (Lair:5)
  4 orc knights
  Pikel (D:7)
  A necromancer (D:12)
  An oklob plant (Lair:4)
  3 orc sorcerers (Orc:2)
  Maurice (D:12)
  A merfolk siren (Lair:2)
  4 black mambas
  17 elephants
  Joseph (D:7)
  2 gargoyles
  Jeremiah (D:6)
  4 cane toads
  2 kobold demonologists (Bailey)
  2 rime drakes (Lair:5)
  6 komodo dragons
  A tengu conjurer (D:9)
  A troll (D:10)
  2 polar bears (Lair:5)
  5 hornets (Lair:5)
  9 blink frogs
  3 dream sheep (Lair:5)
  5 jumping spiders (Lair:3)
  5 wyverns
  Sigmund (D:4)
  A shadow (D:11)
  7 spriggans (Lair:5)
  A wraith (D:9)
  A hog (Lair:5)
  4 wargs
  23 yaks
  2 vampire mosquitoes (D:11)
  A basilisk (Lair:4)
  A steam dragon (D:9)
  3 redbacks (Lair:3)
  Menkaure (D:4)
  9 water moccasins
  2 acid dragons
  Duvessa (D:5)
  28 orc warriors
  An ice beast (D:8)
  4 black bears
  3 sky beasts
  4 ogres
  20 wolves
  2 boggarts (Lair:5)
  2 centaurs
  2 lemures
  6 kobold brigands
  6 bullfrogs
  3 scorpions
  5 wights
  4 killer bees (D:9)
  2 howler monkeys
  4 electric eels
  12 orc priests
  2 jellies
  2 hounds
  2 gnoll boudas
  Ijyb (D:4)
  An iguana (D:6)
  A sleepcap (D:6)
  19 orc wizards
  A hell rat (D:11)
  11 gnolls
  7 adders
  A river rat (D:11)
  A shadow imp (D:6)
  A dart slug (D:1)
  A ribbon worm (D:2)
  55 orcs
  2 bats (D:3)
  5 endoplasms
  6 giant cockroaches
  10 hobgoblins
  3 jackals (D:5)
  7 quokkas
  2 ball pythons
  3 frilled lizards
  8 goblins
  13 kobolds
  12 rats
445 creatures vanquished.

Vanquished Creatures (collateral kills)
  A hydra (Lair:2)
  2 spriggans
  Amaemon (D:8)
  An orc sorcerer (Orc:2)
  A cyclops (D:11)
  A merfolk siren (Lair:2)
  2 elephants (Lair:5)
  A black mamba (Lair:4)
  An orange demon (D:8)
  2 cane toads
  An unseen horror (D:11)
  4 komodo dragons
  2 trolls
  2 polar bears
  Grinder (D:6)
  A hornet (Lair:1)
  3 blink frogs (Lair:5)
  A culicivora (Lair:3)
  A wraith (D:11)
  10 yaks
  A basilisk (Lair:3)
  A hog (Lair:5)
  4 water moccasins
  An ice beast (D:4)
  7 orc warriors
  A boggart (Lair:5)
  A wolf (Lair:5)
  2 lemures (D:7)
  2 bullfrogs
  A gnoll sergeant (D:7)
  3 wights
  Dowan (D:5)
  3 killer bees (D:9)
  An electric eel (Bailey)
  A hound (D:5)
  4 orc priests
  2 gnoll boudas
  11 orc wizards
  12 gnolls
  An adder (D:4)
  A shadow imp (D:7)
  A white imp (D:6)
  2 ufetubi (D:6)
  A ribbon worm (D:4)
  41 orcs
  A giant cockroach (D:4)
  5 goblins
  4 hobgoblins
  4 kobolds
  A quokka (D:11)
  A rat (D:11)
161 creatures vanquished.

Vanquished Creatures (others)
  A human (Lair:5)
  13 battlemagi
  2 orc wizards
  3 orcs
19 creatures vanquished.

Grand Total: 625 creatures vanquished

Notes
Turn   | Place    | Note
-------+----------+-------------------------------------------
     0 | D:1      | raetorn the Troll Shapeshifter began the quest for the Orb.
     0 | D:1      | Reached XP level 1. HP: 18/18 MP: 0/0
    96 | D:1      | HP: 16/18 [quokka (2)]
   127 | D:1      | Reached XP level 2. HP: 26/26 MP: 1/1
   130 | D:1      | HP: 24/26 [kobold/stone (2)]
   363 | D:1      | Reached skill level 4 in Unarmed Combat
   573 | D:2      | HP: 24/26 [rat (2)]
   587 | D:2      | HP: 25/26 [adder (1)]
   589 | D:2      | Reached XP level 3. HP: 32/32 MP: 2/2
   594 | D:2      | Found a faded altar of an unknown god.
   650 | D:2      | HP: 31/32 [rat (1)]
   665 | D:2      | HP: 28/32 [kobold/+2 short sword of speed (4)]
   693 | D:2      | Found a hazy altar of Hepliaklqana.
   704 | D:2      | Became a worshipper of Hepliaklqana the Forgotten
   724 | D:2      | HP: 30/32 [adder (2)]
   729 | D:2      | HP: 30/32 [rat (2)]
   768 | D:2      | You fall into a shaft and drop 1 floor!
   784 | D:3      | HP: 30/32 [adder (2)]
   810 | D:3      | Found a shadowy altar of Dithmenos.
   813 | D:3      | HP: 28/32 [kobold/+0 short sword (4)]
   816 | D:3      | Reached XP level 4. HP: 38/40 MP: 3/3
   839 | D:3      | Reached skill level 5 in Unarmed Combat
   842 | D:3      | HP: 39/40 [bat (1)]
   893 | D:2      | HP: 35/40 [frozen (5)]
   986 | D:2      | HP: 38/40 [rat (2)]
  1042 | D:2      | Reached * piety under Hepliaklqana
  1073 | D:2      | HP: 32/36 [ribbon worm (4)]
  1269 | D:2      | HP: 34/36 [hobgoblin (2)]
  2047 | D:4      | HP: 35/36 [adder (1)]
  2076 | D:4      | HP: 35/36 [goblin/+0 dagger (1)]
  2081 | D:4      | Reached ** piety under Hepliaklqana
  2082 | D:4      | Remembered your ancestor chihuaha as a battlemage
  2086 | D:4      | HP: 34/36 [hobgoblin (2)]
  2113 | D:4      | HP: 35/36 [quokka (1)]
  2151 | D:4      | Noticed Sigmund
  2154 | D:4      | HP: 26/36 [Sigmund/+0 scythe (10)]
  2155 | D:4      | Killed Sigmund
  2156 | D:4      | Reached skill level 6 in Unarmed Combat
  2156 | D:4      | Reached XP level 5. HP: 31/41 MP: 4/4
  2156 | D:4      | Reached XP level 6. HP: 36/48 MP: 5/5
  2167 | D:4      | Noticed Menkaure
  2173 | D:4      | HP: 46/48 [Menkaure (2)]
  2176 | D:4      | Killed Menkaure
  2177 | D:4      | Reached skill level 7 in Unarmed Combat
  2184 | D:4      | HP: 45/48 [hobgoblin (3)]
  2214 | D:4      | Noticed an ice beast
  2219 | D:4      | HP: 47/48 [ice beast (1)]
  2222 | D:4      | Killed an ice beast
  2232 | D:4      | Found a sparkling altar of Nemelex Xobeh.
  2244 | D:4      | Found a broken altar of Ashenzari.
  2244 | D:4      | Noticed Ijyb
  2245 | D:4      | HP: 47/48 [Ijyb/+0 club (1)]
  2248 | D:4      | Killed Ijyb
  2249 | D:4      | Reached skill level 8 in Unarmed Combat
  2249 | D:4      | Reached XP level 7. HP: 49/54 MP: 6/6
  2264 | D:4      | HP: 53/54 [orc/+0 short sword (1)]
  2412 | D:4      | HP: 53/54 [orc wizard/+0 dagger (1)]
  2444 | D:4      | Found Tysa Omo's Weapon Boutique.
  2451 | D:4      | Found Tisysuz's Antique Armour Boutique.
  2675 | D:4      | HP: 44/54 [gnoll/+0 halberd[a gnoll bouda] (10)]
  2680 | D:4      | HP: 22/54 [gnoll/+0 club[a gnoll bouda] (5)]
  2713 | D:4      | HP: 45/54 [gnoll bouda/+0 mace (9)]
  2719 | D:4      | HP: 36/54 [gnoll/+0 club[a gnoll bouda] (1)]
  2726 | D:4      | HP: 33/54 [gnoll/+2 spear of pain[a gnoll bouda] (10)]
  2895 | D:5      | Entered Level 5 of the Dungeon
  2931 | D:5      | Found a snail-covered altar of Cheibriados.
  2941 | D:5      | Noticed Duvessa
  2941 | D:5      | Noticed Dowan
  2942 | D:5      | HP: 53/54 [Dowan/+0 dagger (1)]
  2944 | D:5      | Killed Duvessa
  2945 | D:5      | Reached skill level 9 in Unarmed Combat
  2947 | D:5      | Killed Dowan
  2972 | D:5      | HP: 46/54 [orc wizard/magic dart (8)]
  2979 | D:5      | HP: 45/54 [orc/+0 hand axe (6)]
  2984 | D:5      | HP: 47/54 [something (3)]
  2999 | D:5      | Reached XP level 8. HP: 61/61 MP: 7/7
  3012 | D:5      | HP: 54/61 [gnoll/+0 halberd[a gnoll bouda] (7)]
  3030 | D:5      | HP: 44/61 [yak (8)]
  3032 | D:5      | Reached skill level 5 in Shapeshifting
  3155 | D:5      | HP: 57/61 [orc/+0 hand axe (4)]
  3325 | D:5      | Identified the +5 dagger of Prescription {drain, Int+2}
  3372 | D:5      | Reached *** piety under Hepliaklqana
  3386 | D:5      | HP: 60/61 [black bear (1)]
  3522 | D:6      | HP: 58/61 [sleepcap (3)]
  3525 | D:6      | Reached skill level 1 in Fighting
  3537 | D:6      | HP: 62/63 [scorpion (1)]
  3540 | D:6      | Reached XP level 9. HP: 60/68 MP: 8/8
  3542 | D:6      | HP: 59/68 [poisoned by a scorpion]
  3571 | D:6      | HP: 66/68 [ufetubus (2)]
  3585 | D:6      | Noticed Grinder
  3590 | D:6      | HP: 61/68 [Grinder (7)]
  3594 | D:6      | Killed Grinder
  3595 | D:6      | Reached skill level 10 in Unarmed Combat
  3601 | D:6      | HP: 54/70 [orc/+0 hand axe (6)]
  3641 | D:6      | HP: 65/70 [orc warrior/+0 mace (5)]
  3658 | D:6      | HP: 68/71 [orc wizard/magic dart (3)]
  3663 | D:6      | HP: 61/71 [orc wizard/magic dart (8)]
  3668 | D:6      | HP: 48/71 [orc priest/divine providence (14)]
  3678 | D:6      | Noticed Jeremiah
  3683 | D:6      | HP: 51/71 [Jeremiah/divine providence (13)]
  3690 | D:6      | HP: 36/70 [Jeremiah/divine providence (15)]
  3696 | D:6      | HP: 32/69 [Jeremiah/+3 trident of draining (10)]
  3701 | D:6      | Killed Jeremiah
  3725 | D:6      | HP: 55/72 [gnoll/+0 halberd[a gnoll bouda] (5)]
  4043 | D:7      | HP: 68/72 [shadow imp/nerve-wracking pain (4)]
  4050 | D:7      | Noticed Pikel
  4066 | D:7      | HP: 66/72 [lemure[Pikel] (6)]
  4104 | D:7      | HP: 68/72 [lemure[Pikel] (4)]
  4109 | D:7      | Killed Pikel
  4147 | D:7      | HP: 71/72 [scorpion (1)]
  4160 | D:7      | Noticed Joseph
  4161 | D:7      | HP: 61/74 [wight/+4 mace (13)]
  4166 | D:7      | HP: 23/73 [wight/+5 falchion (14)]
  4169 | D:7      | HP: 11/73 [Joseph/+0 quarterstaff (15)]
  4174 | D:7      | Killed Joseph
  4175 | D:7      | Reached XP level 10. HP: 16/81 MP: 9/9
  4333 | D:7      | HP: 80/81 [water moccasin (1)]
  4339 | D:7      | HP: 65/82 [something (2)]
  4404 | D:7      | HP: 75/82 [gnoll/+2 flail of protection[a gnoll sergeant]
                  | (7)]
  4489 | D:7      | Found a staircase to the Ecumenical Temple.
  4950 | D:8      | Noticed an orange demon
  4954 | D:8      | HP: 71/82 [wight/+3 mace (11)]
  4956 | D:8      | Noticed Amaemon
  4957 | D:8      | Killed an orange demon
  4960 | D:8      | HP: 52/80 [wight/+0 trident (8)]
  4961 | D:8      | Reached **** piety under Hepliaklqana
  4965 | D:8      | HP: 26/82 [poisoned by Amaemon]
  4968 | D:8      | HP: 12/82 [poisoned by Amaemon]
  4969 | D:8      | Killed Amaemon
  4970 | D:8      | Reached skill level 11 in Unarmed Combat
  4973 | D:8      | HP: 6/83 [poisoned by Amaemon]
  4978 | D:8      | HP: 7/83 [poisoned by Amaemon]
  5075 | D:8      | HP: 73/83 [orc priest/divine providence (10)]
  5082 | D:8      | Found a sacrificial altar of Ru.
  5086 | D:8      | HP: 78/83 [orc/boomerang (5)]
  5094 | D:8      | HP: 79/83 [sky beast (4)]
  5122 | D:8      | HP: 80/84 [water moccasin (4)]
  5127 | D:8      | HP: 58/84 [poisoned by a water moccasin]
  5132 | D:8      | HP: 43/84 [poisoned by a water moccasin]
  5137 | D:8      | HP: 42/84 [poisoned by a water moccasin]
  5338 | D:8      | HP: 83/84 [howler monkey (1)]
  5409 | D:8      | Noticed a gargoyle
  5411 | D:8      | HP: 81/84 [sky beast (3)]
  5415 | D:8      | Killed a gargoyle
  5535 | D:8      | Identified the +6 scale mail of the Shore {Dex+2}
  5547 | D:8      | Found a hide-covered altar of Uskayaw.
  5610 | D:8      | HP: 83/84 [orc wizard/+0 dagger (1)]
  5614 | D:8      | Reached skill level 1 in Invocations
  5910 | D:9      | HP: 70/84 [yak (14)]
  5913 | D:9      | Reached skill level 5 in Dodging
  5932 | D:9      | HP: 80/84 [yak (4)]
  5944 | D:9      | HP: 79/84 [yak (4)]
  5947 | D:9      | Reached skill level 5 in Fighting
  5967 | D:9      | HP: 83/86 [poisoned by a kobold]
  5972 | D:9      | HP: 77/86 [poisoned by a kobold]
  6011 | D:9      | Found a radiant altar of Vehumet.
  6014 | D:9      | HP: 84/86 [kobold brigand/+0 dagger (2)]
  6023 | D:9      | HP: 71/86 [wyvern (15)]
  6027 | D:9      | Reached XP level 11. HP: 53/91 MP: 11/11
  6070 | D:9      | Found a hide-covered altar of Uskayaw.
  6071 | D:9      | HP: 79/91 [wraith (12)]
  6103 | D:9      | HP: 82/91 [something (9)]
  6116 | D:9      | HP: 51/91 [something (24)]
  6143 | D:9      | HP: 76/91 [something (6)]
  6226 | D:9      | HP: 80/91 [acid dragon/splash of acid (11)]
  6231 | D:9      | HP: 81/91 [acid dragon (4)]
  6255 | D:9      | Found a flagged portal.
  6258 | D:9      | HP: 89/91 [hobgoblin (2)]
  6265 | D:9      | HP: 84/91 [killer bee (3)]
  6271 | D:9      | HP: 81/93 [poisoned by a killer bee]
  6277 | Bailey   | Entered a bailey
  6291 | Bailey   | HP: 78/93 [electric eel/bolt of electricity (15)]
  6312 | Bailey   | HP: 92/93 [gnoll/+0 hand axe (1)]
  6322 | Bailey   | Noticed an orc knight
  6325 | Bailey   | HP: 90/93 [hobgoblin/+0 hand axe (3)]
  6331 | Bailey   | HP: 76/93 [orc knight/+0 war axe (17)]
  6332 | Bailey   | Killed an orc knight
  6340 | Bailey   | HP: 82/93 [orc warrior/+0 war axe (4)]
  6372 | Bailey   | HP: 83/93 [electric eel/bolt of electricity (10)]
  6381 | Bailey   | HP: 86/93 [electric eel/bolt of electricity (7)]
  6444 | Bailey   | HP: 86/93 [orc warrior/+0 battleaxe (7)]
  6462 | Bailey   | HP: 88/93 [hobgoblin/+0 hand axe (5)]
  6501 | Bailey   | HP: 79/93 [electric eel/bolt of electricity (14)]
  6508 | Bailey   | HP: 71/93 [orc warrior/+0 war axe (3)]
  6582 | Bailey   | Found an iron altar of Okawaru.
  6584 | Bailey   | HP: 90/93 [orc/+0 hand axe (3)]
  6591 | Bailey   | HP: 80/93 [kobold demonologist/+0 war axe (10)]
  6604 | Bailey   | Identified the +4 glaive "Nixiu" {freeze, Fly rF- Str+2
                  | Dex+3}
  6620 | Bailey   | Acquired 818 gold pieces
  6621 | Bailey   | Acquired the ring "Gisaal" {+Blink Str+6 Int+3}
  6786 | Bailey   | HP: 83/93 [electric eel/bolt of electricity (10)]
  6960 | D:9      | Reached ***** piety under Hepliaklqana
  6968 | D:9      | HP: 92/93 [orc warrior/+0 halberd (1)]
  6974 | D:9      | HP: 78/93 [orc priest/divine providence (15)]
  6976 | D:9      | Found a hazy altar of Hepliaklqana.
  7037 | D:9      | Noticed Gastronok
  7041 | D:9      | HP: 74/93 [Gastronok (19)]
  7048 | D:9      | Killed Gastronok
  7079 | D:9      | HP: 89/94 [killer bee (5)]
  7084 | D:9      | HP: 76/94 [poisoned by a killer bee]
  7087 | D:9      | Found Siube's Weapon Emporium.
  7089 | D:9      | HP: 76/94 [poisoned by a killer bee]
  7336 | D:10     | Entered Level 10 of the Dungeon
  7356 | D:10     | Found Saoq's General Store.
  7379 | D:10     | Noticed a catoblepas
  7379 | D:10     | HP: 91/94 [something/blast of calcifying dust (3)]
  7401 | D:10     | HP: 89/94 [something/blast of calcifying dust (5)]
  7408 | D:10     | Killed a catoblepas
  7409 | D:10     | Reached skill level 12 in Unarmed Combat
  7429 | D:10     | HP: 92/94 [centaur (2)]
  7465 | D:10     | Found a stormy altar of Qazlal.
  7609 | D:10     | HP: 84/94 [troll (10)]
  7724 | D:10     | HP: 84/94 [yak (10)]
  7779 | D:10     | Found a transporter.
  7781 | D:10     | Found a transporter.
  7785 | D:10     | Found a transporter.
  7910 | D:10     | Found a transporter.
  8042 | D:11     | Noticed a boulder beetle
  8059 | D:11     | Noticed a death yak
  8060 | D:11     | Found a staircase to the Lair.
  8060 | D:11     | Noticed a death yak
  8061 | D:11     | Noticed a death yak
  8062 | D:11     | HP: 78/94 [death yak (16)]
  8066 | D:11     | Killed a death yak
  8068 | D:11     | HP: 48/94 [death yak (18)]
  8073 | D:11     | HP: 32/94 [death yak (20)]
  8078 | D:11     | Killed a death yak
  8080 | D:11     | Killed a death yak
  8084 | D:11     | HP: 25/94 [river rat (4)]
  8154 | D:11     | Identified the +0 robe "Put-Me-On" {Dex+2}
  8252 | Lair:1   | Entered Level 1 of the Lair of Beasts
  8256 | Lair:1   | HP: 77/92 [black mamba (15)]
  8261 | Lair:1   | Reached XP level 12. HP: 56/103 MP: 14/14
  8372 | Lair:1   | Reached skill level 10 in Shapeshifting
  8436 | Lair:1   | HP: 96/103 [wolf (7)]
  8443 | Lair:1   | HP: 70/103 [wolf (7)]
  8477 | Lair:1   | HP: 78/103 [komodo dragon (24)]
  8586 | Lair:2   | HP: 97/103 [cane toad (6)]
  8613 | Lair:2   | Noticed a four-headed hydra
  8617 | Lair:2   | HP: 98/103 [four-headed hydra (5)]
  8621 | Lair:2   | HP: 43/103 [four-headed hydra (15)]
  8623 | Lair:2   | Killed a four-headed hydra
  8624 | Lair:2   | Reached skill level 5 in Invocations
  8870 | Lair:2   | HP: 97/103 [yak (6)]
  8878 | Lair:2   | HP: 88/103 [yak (15)]
  8899 | Lair:2   | HP: 78/103 [komodo dragon (25)]
  9076 | Lair:2   | Found a staircase to the Shoals.
  9076 | Lair:2   | HP: 94/103 [merfolk siren/+0 spear (9)]
  9367 | Lair:3   | Noticed a boulder beetle
  9371 | Lair:3   | Reached skill level 1 in Armour
  9374 | Lair:2   | HP: 93/103 [elephant (10)]
  9376 | Lair:2   | Reached skill level 1 in Evocations
  9403 | Lair:3   | HP: 94/106 [elephant (12)]
  9408 | Lair:3   | HP: 60/106 [boulder beetle (8)]
  9411 | Lair:3   | Killed a boulder beetle
  9523 | Lair:3   | HP: 80/106 [komodo dragon (26)]
  9614 | Lair:3   | HP: 94/106 [elephant (12)]
  9623 | Lair:3   | HP: 95/106 [bullfrog (7)]
  9632 | Lair:3   | HP: 99/106 [water moccasin (7)]
  9663 | Lair:3   | Reached ****** piety under Hepliaklqana
  9663 | Lair:3   | Noticed Sonja
  9664 | Lair:3   | HP: 98/106 [basilisk (8)]
  9669 | Lair:3   | HP: 87/106 [poisoned by Sonja]
  9674 | Lair:3   | HP: 65/106 [poisoned by Sonja (curare-tipped dart)]
  9679 | Lair:3   | HP: 72/106 [poisoned by Sonja (curare-tipped dart)]
  9683 | Lair:3   | Killed Sonja
  9684 | Lair:3   | HP: 52/106 [poisoned by Sonja (curare-tipped dart)]
  9689 | Lair:3   | HP: 58/106 [poisoned by Sonja (curare-tipped dart)]
  9746 | Lair:3   | Reached skill level 13 in Unarmed Combat
  9852 | Lair:3   | Found a transporter.
  9875 | Lair:3   | Reached XP level 13. HP: 111/111 MP: 16/16
  9890 | Lair:3   | HP: 107/111 [yak (4)]
  9931 | Lair:3   | Found a hole to the Spider Nest.
  9938 | Lair:3   | HP: 105/111 [yak (6)]
 10004 | Lair:3   | Noticed AlterAsc's ghost (adept TeGl)
 10010 | Lair:3   | HP: 105/111 [jumping spider (6)]
 10018 | Lair:3   | HP: 90/111 [culicivora (6)]
 10023 | Lair:3   | HP: 62/111 [culicivora (6)]
 10035 | Lair:3   | HP: 78/111 [jumping spider (6)]
 10040 | Lair:3   | HP: 61/111 [jumping spider (9)]
 10047 | Lair:3   | HP: 66/111 [jumping spider (5)]
 10085 | Lair:3   | Found a bloodstained altar of Trog.
 10094 | Lair:3   | Found a transporter.
 10437 | Lair:4   | HP: 97/111 [black mamba (14)]
 10602 | Lair:4   | HP: 109/113 [oklob plant/splash of acid (4)]
 10980 | Lair:4   | HP: 92/113 [oklob plant/splash of acid (21)]
 10985 | Lair:4   | HP: 86/113 [oklob plant/splash of acid (16)]
 11028 | Lair:4   | HP: 90/113 [oklob plant/splash of acid (23)]
 11031 | Lair:4   | HP: 41/113 [oklob plant/splash of acid (30)]
 11033 | Lair:4   | HP: 20/113 [oklob plant/splash of acid (25)]
 11122 | Lair:4   | HP: 102/113 [oklob plant/splash of acid (11)]
 11137 | Lair:4   | HP: 83/113 [oklob plant/splash of acid (30)]
 11200 | Lair:5   | Entered Level 5 of the Lair of Beasts
 11231 | Lair:5   | HP: 108/113 [elephant (5)]
 11260 | Lair:5   | HP: 106/114 [cane toad (8)]
 11264 | Lair:5   | HP: 46/114 [elephant (13)]
 11269 | Lair:5   | HP: 38/114 [poisoned by a cane toad]
 11274 | Lair:5   | HP: 43/114 [poisoned by a cane toad]
 11353 | Lair:5   | HP: 108/114 [electric eel/bolt of electricity (6)]
 11366 | Lair:5   | Noticed Kirke
 11375 | Lair:5   | HP: 110/114 [hog[Kirke] (4)]
 11380 | Lair:5   | HP: 105/114 [Kirke (6)]
 11384 | Lair:5   | Killed Kirke
 11424 | Lair:5   | Identified the ring of Ymmus {+Blink rPois rC+ Will+++
                  | Int-5}
 11437 | Lair:5   | HP: 103/114 [elephant (11)]
 11446 | Lair:5   | HP: 107/114 [skyshark (7)]
 11452 | Lair:5   | HP: 94/114 [elephant (4)]
 11470 | Lair:5   | HP: 104/114 [elephant (10)]
 11477 | Lair:5   | HP: 84/114 [elephant (9)]
 11482 | Lair:5   | HP: 86/114 [blink frog (4)]
 11489 | Lair:5   | HP: 88/114 [blink frog (9)]
 11518 | Lair:5   | HP: 107/114 [wolf (7)]
 11583 | Lair:5   | HP: 110/114 [wolf (4)]
 11589 | Lair:5   | HP: 110/114 [black bear (4)]
 11599 | Lair:5   | HP: 107/114 [wolf (7)]
 11609 | Lair:5   | HP: 108/114 [dream sheep (6)]
 11672 | Lair:5   | HP: 107/114 [four-headed hydra[a boggart] (7)]
 11675 | Lair:5   | HP: 52/114 [four-headed hydra[a boggart] (8)]
 11676 | Lair:5   | HP: 25/114 [spriggan rider/+0 spear (19)]
 11802 | Lair:5   | HP: 104/114 [five-headed hydra (10)]
 11807 | Lair:5   | HP: 100/114 [polar bear (2)]
 11821 | Lair:5   | HP: 111/114 [wolf (3)]
 11827 | Lair:5   | HP: 93/114 [spriggan rider/+0 spear (21)]
 11833 | Lair:5   | HP: 62/114 [spriggan rider/+0 spear (16)]
 11866 | Lair:5   | HP: 103/114 [spriggan rider/+0 spear (11)]
 11872 | Lair:5   | HP: 97/114 [wolf (1)]
 11881 | Lair:5   | HP: 91/114 [yak (2)]
 11915 | Lair:5   | HP: 109/114 [catoblepas/blast of calcifying dust (5)]
 11921 | Lair:5   | Reached XP level 14. HP: 122/122 MP: 18/18
 11923 | Lair:5   | HP: 113/122 [spriggan rider/+0 spear (9)]
 11928 | Lair:5   | HP: 120/122 [spriggan rider/+0 spear (1)]
 11997 | Lair:5   | HP: 116/122 [wolf (6)]
 12004 | Lair:5   | HP: 104/122 [spriggan rider/+0 spear (18)]
 12036 | Lair:5   | HP: 110/122 [dream sheep (8)]
 12062 | Lair:5   | HP: 118/122 [wolf (4)]
 12128 | Lair:5   | HP: 115/122 [hornet (7)]
 12133 | Lair:5   | HP: 117/123 [poisoned by a hornet]
 12213 | Lair:5   | HP: 115/123 [black mamba (8)]
 12436 | Lair:5   | HP: 110/123 [rime drake/icy flash freeze (13)]
 12439 | Lair:5   | Found a staircase to the Slime Pits.
 12441 | Lair:5   | HP: 84/123 [rime drake/icy flash freeze (11)]
 12447 | Lair:5   | HP: 82/123 [komodo dragon (10)]
 12452 | Lair:5   | HP: 63/123 [blink frog (3)]
 12457 | Lair:5   | HP: 53/123 [blink frog (13)]
 12717 | D:11     | HP: 112/123 [yak (11)]
 12794 | D:11     | HP: 120/123 [orc wizard/puff of flame (3)]
 12856 | D:11     | HP: 110/123 [centaur/arrow (13)]
 12861 | D:11     | HP: 111/123 [wraith (7)]
 12930 | D:11     | HP: 113/123 [vampire mosquito (10)]
 12936 | D:11     | HP: 106/123 [orc/boomerang (3)]
 12950 | D:11     | HP: 100/123 [two-headed ogre/+0 dire flail (23)]
 12994 | D:11     | HP: 110/123 [two-headed ogre/+0 giant spiked club (13)]
 13007 | D:11     | HP: 117/123 [orc warrior/+0 flail (6)]
 13012 | D:11     | HP: 77/123 [orc warrior/+1 trident of flaming (10)]
 13017 | D:11     | HP: 40/123 [orc warrior/+0 flail (3)]
 13053 | D:11     | HP: 106/123 [cyclops (5)]
 13073 | D:11     | Found a staircase to the Orcish Mines.
 13147 | D:11     | HP: 119/123 [something (4)]
 13343 | D:11     | HP: 100/123 [acid dragon/splash of acid (23)]
 13516 | Orc:1    | Entered Level 1 of the Orcish Mines
 13534 | Orc:1    | HP: 116/123 [troll (7)]
 13549 | Orc:1    | HP: 110/123 [orc warrior/arrow (13)]
 13691 | Orc:1    | HP: 110/123 [warg (13)]
 13700 | Orc:1    | HP: 115/123 [orc priest/+0 trident (1)]
 13907 | Orc:1    | HP: 120/123 [warg (3)]
 13921 | Orc:1    | Found Ysheloeb's Weapon Shoppe.
 14039 | Orc:2    | Entered Level 2 of the Orcish Mines
 14047 | Orc:2    | HP: 119/123 [orc warrior/+0 trident (4)]
 14053 | Orc:2    | HP: 71/120 [orc sorcerer/bolt of fire (33)]
 14058 | Orc:2    | HP: 25/114 [orc high priest/divine providence (15)]
 14124 | Orc:2    | HP: 99/114 [orc priest/divine providence (15)]
 14140 | Orc:2    | HP: 104/117 [orc knight/+0 dire flail (13)]
 14145 | Orc:2    | Reached skill level 5 in Armour
 14147 | Orc:2    | HP: 83/118 [orc sorcerer/+0 dagger (8)]
 14154 | Orc:2    | HP: 57/119 [orc knight/+0 long sword (21)]
 14193 | Orc:2    | HP: 97/121 [orc knight/bolt (24)]
 14202 | Orc:2    | HP: 87/121 [orc knight/+0 battleaxe (12)]
 14207 | Orc:2    | HP: 86/122 [orc warrior/+0 war axe (9)]
 14214 | Orc:2    | HP: 96/122 [orc/+0 hand axe (1)]
 14221 | Orc:2    | HP: 91/122 [orc warrior/+0 mace (3)]
 14232 | Orc:2    | HP: 104/122 [orc warrior/+0 short sword (5)]
 14252 | Orc:2    | HP: 113/123 [orc priest/divine providence (10)]
 14262 | Orc:2    | HP: 115/123 [orc warrior/+0 trident (8)]
 14270 | Orc:2    | HP: 95/123 [orc priest/divine providence (11)]
 14277 | Orc:2    | HP: 102/123 [orc warrior/+0 battleaxe (4)]
 14284 | Orc:2    | HP: 99/123 [orc warrior/+0 scimitar (13)]
 14317 | Orc:2    | HP: 112/123 [orc high priest/divine providence (11)]
 14338 | Orc:2    | HP: 119/123 [orc warrior/+0 halberd (4)]
 14347 | Orc:2    | Noticed an orc warlord
 14401 | Orc:2    | HP: 94/123 [orc warlord/+0 long sword (29)]
 14404 | Orc:2    | Killed an orc warlord
 14411 | Orc:2    | HP: 84/123 [orc warrior/+0 long sword (4)]
 14439 | Orc:2    | HP: 120/123 [orc sorcerer/+0 dagger (3)]
 14444 | Orc:2    | HP: 121/123 [orc warrior/+0 battleaxe (2)]
 14469 | Orc:2    | HP: 119/123 [orc sorcerer/+0 dagger (4)]
 14471 | Orc:2    | Reached skill level 14 in Unarmed Combat
 14525 | Orc:2    | Found Periofass's Antique Armour Boutique.
 14526 | Orc:2    | Found Zitink's Antique Weapon Shop.
 14528 | Orc:2    | Found Ronifro's General Store.
 14528 | Orc:2    | Found Merisit's Book Boutique.
 14657 | Orc:2    | HP: 106/123 [warg (17)]
 14663 | Orc:2    | Found a staircase to the Elven Halls.
 14830 | D:12     | HP: 121/123 [gargoyle/stone arrow (2)]
 14834 | D:12     | Noticed Maurice
 14837 | D:12     | HP: 102/123 [something/puff of flame (8)]
 14839 | D:12     | Noticed a fire giant
 14844 | D:12     | HP: 105/123 [ettin/+0 dire flail (4)]
 14846 | D:12     | Something stole a box of beasts
 14848 | D:12     | Something stole a ring of wizardry
 14849 | D:12     | Killed Maurice
 14849 | D:12     | HP: 28/123 [fire giant/bolt of fire (38)]
 14854 | D:12     | HP: 19/184 [fire giant/fireball (27)]
 14855 | D:12     | Killed a fire giant
 14864 | D:12     | HP: 5/123 [fire giant simulacrum (18)]
 14864 | D:12     | Slain by a fire giant simulacrum

Illustrated notes

Levels and vault maps discovered:
D:1:      amcnicky_arrival_single_pillar, layout_loops_ring
D:2:      layout_basic, dreamdust_ecumenical_altar_angels_and_demons,
          basic_altar
D:3:      layout_basic, grunt_dithmenos_smoke_and_mirrors
D:4:      layout_basic, nemelex_xobeh_ov_fountains_minmay,
          nicolae_ashenzari_skybound, serial_co_window_serial,
          co_window_paths_b, co_window_paths_a, co_window_corner_a,
          co_window_corner_a, co_window_paths_a, co_window_cross_3,
          co_window_broadway_c, co_window_unsneaky_path_e,
          co_window_unsneaky_path_c, co_window_broadway_a, glass_columns_b,
          nicolae_wooded_promenade, hangedman_decor_growths, uniq_ijyb,
          uniq_sigmund, uniq_menkaure
D:5:      layout_basic, cheibriados_altar_1, kennysheep_donut, uniq_duvessa
D:6:      layout_cave_pools, uniq_jeremiah, uniq_grinder
D:7:      layout_basic, minmay_temple_entry_glassed_door, serial_rivers,
          chequers_serial_rivers_micro_e, chequers_serial_rivers_small_b,
          chequers_serial_rivers_micro_c, chequers_serial_rivers_micro_a,
          uniq_joseph, uniq_pikel
D:8:      layout_basic, mainiacjoe_overflow_surrounded_room,
          mainiacjoe_overflow_alcove_1, minmay_orc_keep, uniq_amaemon
D:9:      layout_roguey, nicolae_hepliaklqana_hazy_memory, enter_bailey_4,
          serial_shops, nicolae_shop_pleasant_corner_grove,
          hangedman_feature_mirror, lemuel_flamethrower_hall, uniq_gastronok
D:10:     layout_loops_cross, mainiacjoe_overflow_alcove_4, serial_shops,
          nicolae_shop_statue_plus, nicolae_diode_intersection
D:11:     layout_loops_ring, dpeg_lair_monsters, erik_orc_3
D:12:     minmay_strange_plus, layout_cave_pools, gammafunk_ghost_necromancy,
          chequers_serial_rivers_micro_b, uniq_maurice
Lair:1:   layout_big_grid, grunt_forest_large_clearings
Lair:2:   layout_cave_shapes, elwin_shoals_entry_rooms, st_stairs_5,
          chequers_serial_rivers_marsh
Lair:3:   layout_regular_city, nicolae_spider_entry_tight_spaces,
          gammafunk_ghost_wrathful_warriors, uniq_sonja
Lair:4:   layout_small_grid
Lair:5:   minmay_lair_end_enchanted_forest, layout_cave_pods, slime_entry_1,
          chequers_serial_rivers_small_a, serial_bayou_ford_a,
          grunt_megastairs_5, uniq_kirke
Orc:1:    layout_diamond_mine, serial_shops, nicolae_shop_advertising_works
          [nicolae_subvault_shop_adworks], basic_altar
Orc:2:    st_orc_congregation, layout_caves, basic_altar

Skill      XL: |  1  2  3  4  5  6  7  8  9 10 11 12 13 14 |
---------------+-------------------------------------------+-----
Unarmed Combat | 4 6 8 9 10 11 12 13 14 | 14.0
Shapeshifting  | 7 8 9 10 11 | 11.8
Fighting       | 1 3 5 6 7 8 |  8.9
Dodging        | 3 5 6 7 8 |  8.9
Invocations    | 2 4 6 7 8 |  8.0
Armour         | 2 4 5 |  5.4
Evocations     | 2 3 4 |  4.8

Action                     |  1- 3 |  4- 6 |  7- 9 | 10-12 | 13-15 || total
---------------------------+-------+-------+-------+-------+-------++-------
  Melee: Unarmed           |    57 |    63 |   171 |   400 |   511 ||  1202
         Punch             |       |     2 |     6 |    10 |    22 ||    40
 Invoke: Ancestor Life: Ba |       |     1 |       |       |       ||     1
         Ancestor Identity |       |     1 |       |       |       ||     1
         Recall Ancestor   |       |       |     1 |     1 |     8 ||    10
         Idealise          |       |       |       |       |     1 ||     1
  Evoke: Wand              |       |       |       |     4 |     9 ||    13
    Use: Scroll            |       |       |    10 |    11 |     4 ||    25
         Potion            |       |       |     1 |       |     2 ||     3
   Stab: Sleeping          |     2 |     3 |       |       |       ||     5
         Distracted        |       |       |     4 |     5 |     6 ||    15
         Petrified         |       |       |       |     1 |       ||     1
 Armour: Animal skin       |    31 |    38 |    81 |    35 |       ||   185
         Skin              |       |       |       |   146 |       ||   146
         Troll leather arm |       |       |       |    42 |   324 ||   366
  Dodge: Dodged            |    15 |    16 |    50 |   204 |   163 ||   448
  Block: Other             |       |       |    25 |    53 |    73 ||   151
         Reflection        |       |       |     1 |     1 |     3 ||     5
   Form: Flux              |       |       |       |     2 |       ||     2
         Beast             |       |       |       |     1 |       ||     1
         Blade             |       |       |       |     1 |       ||     1
